 Dungeon Crawl Stone Soup version 0.17-a0-1020-ge683cc4 (console) character file.

66 Monkaria the Skirmisher (level 3, 0/45 HPs)
             Began as a Demonspawn Chaos Knight on May 14, 2015.
             Slain by a goblin
             ... wielding a +0 dagger
             ... led by Robin
              (4 damage)
             ... on level 2 of the Dungeon.
             The game lasted 00:01:38 (1295 turns).

Monkaria the Skirmisher (Demonspawn Chaos Knight)   Turns: 1295, Time: 00:01:39

Health: 0/45       AC: 21    Str: 13    XL:     3   Next: 96%
Magic:  3/3        EV:  2    Int: 13    God:    Xom [..*...]
Gold:   89         SH:  0    Dex: 12    Spells: 0 memorised, 2 levels left

rFire  . . .     SeeInvis .     a - +0 falchion (chaos)
rCold  . . .     Clarity  .     (armour currently unavailable)
rNeg   + + +     SustAb   .     (no shield)
rPois  +         Gourm    .     (helmet currently unavailable)
rElec  .         Spirit   .     (cloak currently unavailable)
rCorr  .         Warding  .     (gloves currently unavailable)
rMut   .         NoTele   +     (boots currently unavailable)
MR     .....                    (no amulet)
Stlth  +.........               (no ring)
                                (no ring)

@: lethally poisoned (0 -> -1), tree-form, not resistant to hostile
enchantments, very unstealthy
A: (horns 0), (cold resistance 0)
a: Renounce Religion


You were on level 2 of the Dungeon.
You worshipped Xom.
You were a toy of Xom.
You were not hungry.
You were a tree.
You visited 1 branch of the dungeon, and saw 2 of its levels.

You collected 89 gold pieces.

Inventory:

Hand weapons
 a - a +0 falchion of chaos (weapon)
Armour
 b - a +2 leather armour (melded)
 g - a +0 pair of boots (melded)
Jewellery
 q - a cursed amulet of inaccuracy {unknown}
Scrolls
 d - a scroll of magic mapping {unknown}
 j - 4 scrolls of enchant weapon {unknown}
 m - 2 scrolls of teleportation {unknown}
 n - 2 scrolls of identify {unknown}
Potions
 h - 2 potions of brilliance {unknown}
 k - a potion of degeneration {unknown}
 l - a potion of flight {unknown}
Comestibles
 c - a bread ration
 f - 2 meat rations
 i - a beef jerky
 o - a slice of pizza
 p - 5 fruits


   Skills:
 - Level 4.0 Fighting
 + Level 3.7 Long Blades
 - Level 1.7 Armour
 - Level 0.8 Dodging


You had 2 spell levels left.
You didn't know any spells.

Dungeon Overview and Level Annotations

Branches:
Dungeon (2/15)

Altars:

Annotations:
D:2 Robin


Innate Abilities, Weirdness & Mutations

((You have a pair of small horns on your head.))
((Your flesh is cold resistant.))


Message History

The goblin barely misses you. Robin misses you.
You barely miss the goblin.
You feel sick. The goblin barely misses you.
The goblin unwields an uncursed hunting sling.
The goblin hits you. The goblin hits you but does no damage.
You barely miss the goblin. Your headbutt misses the goblin.
Robin hits you but does no damage. The goblin hits you but does no damage.
The goblin closely misses you. The goblin completely misses you.
You hit the goblin. You freeze the goblin.
You kill the goblin!
Robin zaps a wand.
The magic dart hits you!
* * * LOW HITPOINT WARNING * * *
The goblin completely misses you. The goblin closely misses you.
Drink which item? (? for menu, Esc to quit)
It was a potion of lignification.
You turn into a tree.
Your +0 pair of boots melds into your body.
Your +2 leather armour melds into your body.
Your roots penetrate the ground.
Xom thinks this is hilarious!
Robin completely misses you. The goblin hits you with a dagger.
You die...

##......... ##........
#### ## ##....... #....
#g ##...... #.. . g
####### #.. #.# #.###
###..##g### .....
#......ggg# #.### #.
#..# #♣# #. #.###.###)#
#. #..†g.g)g.# ##+# #.
#####.##### ##...## #.
#.### ##.....## #.
#.#.## ##.......## #.
#....####.........###.
#.(.....+.........'...
##....####.........####


You could see Robin, a hobgoblin and 3 goblins.

Vanquished Creatures
  2 adders (D:2)
  An ooze (D:1)
  A worm (D:2)
  A giant gecko (D:1)
  5 bats
  6 goblins
  6 hobgoblins
  A giant newt (D:1)
  6 rats
29 creatures vanquished.

Vanquished Creatures (collateral kills)
  An adder (D:2)
  A goblin (D:2)
2 creatures vanquished.

Grand Total: 31 creatures vanquished

Notes
Turn   | Place    | Note
--------------------------------------------------------------
     0 | D:1      | Monkaria the Demonspawn Chaos Knight began the quest for the Orb.
     0 | D:1      | Reached XP level 1. HP: 18/18 MP: 1/1
    84 | D:1      | XOM: divination: magic mapping
   146 | D:1      | Gained mutation: Your flesh is cold resistant. [demonic ancestry]
   146 | D:1      | Reached XP level 2. HP: 22/24 MP: 2/2
   464 | D:2      | Reached skill level 4 in Fighting
   487 | D:2      | Gained mutation: You have a pair of small horns on your head. [demonic ancestry]
   487 | D:2      | Reached XP level 3. HP: 25/30 MP: 3/3
   623 | D:2      | XOM: harmless Tloc miscast
  1277 | D:2      | Noticed Robin
  1282 | D:2      | XOM: cast spell 'Blink'
  1295 | D:2      | Slain by a goblin

Vault maps used:
D:1:      tarquinn_simple_flora_water_a, serial_bayou_lake_a
D:2:      kennysheep_big_flooded_room, uniq_robin

Action                   || total
-------------------------++-------
Melee: Falchion          ||   113
  Use: Potion            ||     1
 Stab: Paralysed         ||     3
  Eat: Chunk             ||     1
